 Dungeon Crawl Stone Soup version 0.19-a0-1697-g0595f0e (webtiles) character file.

136 Ihatecarrots00 the Cudgeler (level 4, 41/41 HPs)
             Began as a Minotaur Berserker on Aug 26, 2016.
             Was a Believer of Trog.
             Quit the game on level 3 of the Dungeon on Sept 26, 2016.
             The game lasted 00:07:37 (2031 turns).

Ihatecarrots00 the Cudgeler (Minotaur Berserker)    Turns: 2031, Time: 00:07:37

Health: 41/41      AC:  6    Str: 21    XL:     4   Next: 98%
Magic:  3/3        EV: 12    Int:  4    God:    Trog [**....]
Gold:   147        SH:  0    Dex: 11    Spells: 0 memorised, 3 levels left

rFire  . . .     SeeInvis .     a - +1 mace
rCold  . . .     Gourm    .     h - +0 ring mail
rNeg   . . .     Faith    .     (no shield)
rPois  .         Spirit   .     (helmet restricted)
rElec  .         Dismiss  .     (no cloak)
rCorr  .         Reflect  .     (no gloves)
MR     .....     Harm     .     (no boots)
Stlth  +.........               (no amulet)
                                (no ring)
                                (no ring)

@: no status effects
A: retaliatory headbutt, horns 2
a: Berserk, Trog's Hand, Burn Spellbooks, Renounce Religion


You were on level 3 of the Dungeon.
You worshipped Trog.
Trog was pleased with you.
You were not hungry.

You visited 1 branch of the dungeon, and saw 3 of its levels.

You collected 147 gold pieces.

Inventory:

Hand Weapons
 a - a +1 mace (weapon)
Armour
 b - a +0 animal skin
 d - a +0 leather armour
 h - a +0 ring mail (worn)
Jewellery
 l - an uncursed ring of flight
 q - a cursed amulet of faith {unknown}
Scrolls
 g - 2 scrolls of remove curse
 i - a scroll of fog
 m - 2 scrolls of fear
 s - 2 scrolls of identify
 u - a scroll of teleportation {unknown}
Potions
 c - a potion of flight {unknown}
 e - a potion of berserk rage {unknown}
 j - a potion of might
 k - a potion of mutation {unknown}
 n - a potion of brilliance {unknown}
 t - a potion of resistance {unknown}
Comestibles
 f - a bread ration
 o - a meat ration
 p - 8 fruits
 r - a royal jelly


   Skills:
 + Level 4.6 Fighting
 + Level 5.0 Maces & Flails
 + Level 3.7 Armour
 + Level 2.9 Dodging


You had 3 spell levels left.
You didn't know any spells.

Dungeon Overview and Level Annotations

Branches:
Dungeon (3/15)

Altars:


Innate Abilities, Weirdness & Mutations

You reflexively headbutt those who attack you in melee.
You have a pair of horns on your head.


Message History

Found an escape hatch in the ceiling.
u - a scroll labeled YWEQAI QILOLU A giant newt comes into view.
A giant newt is nearby!
A giant newt is nearby!
A giant newt is nearby!
The giant newt closely misses you.
You sock the giant newt!
You kill the giant newt!
Trog accepts your kill.
You see here a giant newt corpse.
You see here a rat corpse.
Found a dagger.
Welcome back, Ihatecarrots00 the Minotaur Berserker.
Trog says: Kill them all!
Press ? for a list of commands and other information.
Welcome back, Ihatecarrots00 the Minotaur Berserker.
Trog says: Kill them all!
Press ? for a list of commands and other information.
Are you sure you want to abandon this character and quit the game? (Confirm with "yes".)

# #......#.### #.)#.
#..##..##..#.# #
#..#.##..##..##....###
.....................
.......##..##..#####
...................
#.###.##......#####
###.##.###.##..##..#####
#......@................
.#..............##.......
..$.###.###.##..##..####.
#.. ##.###.........###..
###...##...................
#..........................
.............###.##..###..
#...###.###.###.##..###..
#..##...................


There were no monsters in sight!

Vanquished Creatures
  The ghost of donnyhuang the Poker, an amateur HuBe of Trog (D:3)
  An ooze (D:1)
  2 leopard geckos
  2 orcs (D:3)
  6 bats
  4 giant cockroaches
  3 goblins
  7 hobgoblins
  2 quokkas
  3 frilled lizards
  9 kobolds
  2 rats
42 creatures vanquished.

Vanquished Creatures (others)
  A plant (D:1)
1 creature vanquished.

Grand Total: 43 creatures vanquished

Notes
Turn   | Place    | Note
-------+----------+-------------------------------------------
     0 | D:1      | Ihatecarrots00 the Minotaur Berserker began the quest for the Orb.
     0 | D:1      | Reached XP level 1. HP: 19/19 MP: 0/0
   149 | D:1      | Reached XP level 2. HP: 21/27 MP: 1/1
   314 | D:1      | Reached skill level 4 in Maces & Flails
   537 | D:1      | Reached XP level 3. HP: 30/33 MP: 2/2
  1242 | D:2      | Reached ** piety under Trog
  1620 | D:3      | Noticed donnyhuang's ghost (amateur HuBe)
  1620 | D:3      | Upgraded the game from 0.19-a0-1238-gee6bd96 to 0.19-a0-1293-g2439ae9
  1633 | D:3      | Killed donnyhuang's ghost
  1633 | D:3      | Reached skill level 5 in Maces & Flails
  1633 | D:3      | Reached XP level 4. HP: 26/41 MP: 3/3
  2031 | D:3      | Upgraded the game from 0.19-a0-1293-g2439ae9 to 0.19-a0-1697-g0595f0e
  2031 | D:3      | Quit the game

Vault maps used:
D:1:      matt_arrival_refuge, serial_forest, infiniplex_forest_clump_double,
          infiniplex_forest_clump_small, infiniplex_forest_end_double,
          infiniplex_forest_lined_corner, infiniplex_forest_clump_double,
          infiniplex_forest_lined_3_way, infiniplex_forest_lined_2,
          infiniplex_forest_straight_2, infiniplex_forest_end_1,
          roderic_hopi_sauvastika
D:2:      first_bread
D:3:      marbit_many_paths, bloody_makhleb

Skill      XL: |  1  2  3 |
---------------+----------+-----
Maces & Flails | 4 5 |  5.0
Fighting       | 4 |  4.6
Armour         | 3 |  3.7
Dodging        | |  2.9

Action                   |  1- 3 |  4- 6 || total
-------------------------+-------+-------++-------
Melee: Mace              |    60 |    11 ||    71
       Headbutt          |    11 |     1 ||    12
  Use: Scroll            |     7 |       ||     7
  Eat: Bread ration      |     1 |       ||     1
Armor: Animal skin       |     2 |       ||     2
       Ring mail         |    24 |     4 ||    28
Dodge: Dodged            |    51 |    10 ||    61
